 Dungeon Crawl Stone Soup version 0.27-a0-695-gb4952372f7 (webtiles) character file.

Game seed: 13867276717043981252

44 Essalna the Digger (level 3, -4/19 HPs)
             Began as a Gargoyle Earth Elementalist on Mar 22, 2021.
             Killed by miscasting Stone Arrow (8 damage)
             ... on level 2 of the Dungeon.
             The game lasted 00:02:31 (1549 turns).

Essalna the Digger (Gargoyle Earth Elementalist)    Turns: 1549, Time: 00:02:32

Health: -4/19      AC:  5    Str: 11    XL:     3   Next: 60%
Magic:  3/6        EV: 11    Int: 16    God:
Gold:   44         SH:  0    Dex: 10    Spells: 3/7 levels left

rFire    . . .     SeeInvis .   d - +0 dagger
rCold    . . .     Faith    .   (no shield)
rNeg     + . .     Spirit   .   c - +0 robe
rPois    ∞         Reflect  .   (no helmet)
rElec    +         Harm     .   (no cloak)
rCorr    .         Rampage  .   (no gloves)
Will     .....                  (no boots)
Stlth    ++........             (no amulet)
HPRegen  0.06/turn              (no ring)
MPRegen  0.10/turn              (no ring)

@: very slightly contaminated
A: AC +3, negative energy resistance 1, electricity resistance, torment
resistance 1, unbreathing 1, petrification resistance
a: no special abilities


You were on level 2 of the Dungeon.
You visited 1 branch of the dungeon, and saw 2 of its levels.

You collected 44 gold pieces.

Inventory:

Hand Weapons
 d - a +0 dagger (weapon)
Armour
 c - a +0 robe (worn)
Scrolls
 a - a scroll of fear {unknown}
 b - a scroll of teleportation {unknown}
 e - 3 scrolls of identify {unknown}
 g - a scroll of enchant armour {unknown}
 j - a scroll of magic mapping {unknown}
Potions
 f - a potion of brilliance {unknown}
 h - a potion of mutation {unknown}
 i - a potion of curing {unknown}
 k - a potion of heal wounds {unknown}


   Skills:
 - Level 1.5 Dodging
 - Level 2.1 Stealth
 + Level 2.6 Spellcasting
 + Level 1.6 Transmutations
 + Level 4.3 Earth Magic


You had 3 spell levels left.
You knew the following spells:

 Your Spells              Type           Power      Damage    Failure   Level
a - Sandblast             Erth           30%        2d9       3%          1
b - Stone Arrow           Conj/Erth      16%        3d8       24%         3

Your spell library contained the following spells:

 Spells                   Type           Power      Damage    Failure   Level
 Passwall                 Tmut/Erth      9%         N/A       9%          2
 Petrify                  Tmut/Erth      11%        N/A       50%         4
 Lee's Rapid Deconstruct  Erth           7%         3d8*      67%         5


Dungeon Overview and Level Annotations

Branches:
Dungeon (2/15)

Altars:


Innate Abilities, Weirdness & Mutations

Your stone body is resilient. (AC +3)
You are immune to poison.
You resist negative energy. (rN+)
You are resistant to electric shocks. (rElec)
You are resistant to unholy torment.
You can survive without breathing.
You are immune to petrification.


Message History

You barely miss the adder.
The adder is severely wounded.
The adder bites you.
You are too injured to fight recklessly!
You are too injured to fight recklessly!
You are too injured to fight recklessly!
You barely miss the adder.
The adder is severely wounded.
The adder bites you. x2
You hit the adder but do no damage.
The adder is severely wounded.
The adder bites you.
* * * LOW HITPOINT WARNING * * *
You hit the adder.
The adder is severely wounded.
The adder closely misses you.
You hit the adder but do no damage.
The adder is severely wounded.
The adder closely misses you. The adder barely misses you.
You closely miss the adder.
The adder is severely wounded.
The adder bites you.
* * * LOW HITPOINT WARNING * * *
Casting: Sandblast (safe; 3% risk of failure)
Confirm with . or Enter, or press ? or * to list all spells.
You don't have any stones to cast with.
Unknown command.
You hit the adder.
The adder is almost dead.
The adder closely misses you.
Casting: Sandblast (safe; 3% risk of failure)
Confirm with . or Enter, or press ? or * to list all spells.
The spell is potentially lethal to cast (24% risk of failure)!
Continue anyway?
Aiming: Stone Arrow (potentially lethal; 24% risk of failure)
Press: ? - help, Shift-Dir - straight line, f - adder
Aim: an adder (almost dead, 57% to evade)
You miscast Stone Arrow.
You are very lightly contaminated with residual magic.
A wave of violent energy washes through your body!
You die...

##+## #... . #.S# . ##
#.@# ## .# ##### #..#
#. .# #...# #..# #.
.##### #...# #..## #.
.....###...####...#
.>#####.
.....'..).......#.#
........
.....###...######.#
........
.#######...######.#.#
#.######. ##
#.............#.#####.#
#...


You could see an adder.

Vanquished Creatures
  An adder (D:2)
  2 adder zombies (D:1)
  5 bats
  2 giant cockroaches (D:1)
  3 goblins
  3 hobgoblins (D:1)
  A quokka (D:1)
  3 frilled lizards
  4 kobolds
  4 rats (D:1)
28 creatures vanquished.

Notes
Turn   | Place    | Note
-------+----------+-------------------------------------------
     0 | D:1      | Essalna the Gargoyle Earth Elementalist began the quest for
                  | the Orb.
     0 | D:1      | Reached XP level 1. HP: 10/10 MP: 3/3
    15 | D:1      | Reached skill level 1 in Transmutations
    49 | D:1      | Reached XP level 2. HP: 14/15 MP: 0/5
   452 | D:1      | Reached skill level 4 in Earth Magic
   625 | D:1      | Reached XP level 3. HP: 17/19 MP: 6/6
  1432 | D:2      | Learned a level 3 spell: Stone Arrow
  1549 | D:2      | Killed by miscasting Stone Arrow

Illustrated notes

Levels and vault maps discovered:
D:1:      saegor_arrival_fortress, layout_basic
D:2:      layout_basic, led_sif_pool

Skill      XL: |  1  2 |
---------------+-------+-----
Transmutations | 1 |  1.6
Earth Magic    | 4 |  4.3
Dodging        | |  1.5
Stealth        | |  2.1
Spellcasting   | |  2.6

Action                   || total
-------------------------++-------
Melee: Dagger            ||    57
 Cast: Sandblast         ||    30
 Stab: Sleeping          ||     2
Armor: Robe              ||    27
Dodge: Dodged            ||    56

Table legend: (Time is in decaauts)
 A = Elapsed time spent in this place.
 B = Non-inter-level travel time spent in this place.
 C = Inter-level travel time spent in this place.
 D = Time resting spent in this place.
 E = Time spent auto-exploring this place.
 F = Levels seen in this place.
 G = Mean time per level.
                   A        B        C        D        E       F      G
               +--------+--------+--------+--------+--------+-----+--------+
         Total |   1548 |   1544 |      4 |      0 |   1338 |   2 |  774.0 |
       Dungeon |   1548 |   1544 |      4 |      0 |   1338 |   2 |  774.0 |
               +--------+--------+--------+--------+--------+-----+--------+

Top non-repeatable levels by time:
     D:1: 1267 daAuts
     D:2: 281 daAuts
